 Dungeon Crawl Stone Soup version bcrawl-1.18.1 (webtiles) character file.

Game seed: 9985309183731347029

158 Morbidden the Insei (level 5, -1/41 HPs)
             Began as a Demigod Transmuter on Nov 10, 2019.
             Killed from afar by an orc wizard (9 damage)
             ... with a magic dart
             ... on level 3 of the Dungeon.
             The game lasted 00:06:00 (2988 turns).

Morbidden the Insei (Demigod Transmuter)            Turns: 2988, Time: 00:06:00

Health: -1/41      AC:  3    Str: 14    XL:     5   Next: 16%
Magic:  11/12      EV: 13    Int: 23    God:    Demigod [*.....]
Gold:   172        SH:  0    Dex: 17    Spells: 3/9 levels left

rFire    + . .     SeeInvis .     - Unarmed
rCold    . . .     Gourm    .   (no shield)
rNeg     . . .     Faith    .   b - +0 robe
rPois    .         Spirit   .   p - +0 helmet
rElec    .         Reflect  .   (no cloak)
rCorr    .         Harm     .   (no gloves)
MR       .....                  (boots currently unavailable)
Stlth    ++........             (no amulet)
HPRegen  0.13/turn              e - ring of protection from fire
MPRegen  0.13/turn              s - +4 ring of intelligence

@: appendage
A: talons 3, high mp 1
a: End Transformation, Temporal Distortion


You were on level 3 of the Dungeon.
You worshipped Demigod.
Demigod was aware of your devotion.
You were not hungry.
You had grown temporary talons.
You visited 1 branch of the dungeon, and saw 3 of its levels.

You collected 172 gold pieces.

Inventory:

Missiles
 a - 120 arrows
Armour
 b - a +0 robe (worn)
 p - a +0 helmet (worn)
Jewellery
 e - a ring of protection from fire (left hand)
 s - a +4 ring of intelligence (right hand)
Scrolls
 c - a scroll of enchant weapon {unknown}
 g - 4 scrolls of teleportation
 l - a scroll of remove curse {unknown}
 m - 4 scrolls of blinking {unknown}
 n - 3 scrolls of identify {unknown}
 q - 2 scrolls of amnesia {unknown}
 r - a scroll of fear {unknown}
Potions
 d - a potion of lignification
 h - a potion of cancellation {unknown}
 j - a potion of resistance {unknown}
 k - 2 potions of haste {unknown}
 o - a potion of agility {unknown}
 t - a potion of curing {unknown}
Comestibles
 f - 3 rations {!d}
 i - a chunk of flesh


   Skills:
 * Level 2.1 Fighting
 + Level 2.1 Dodging
 - Level 0.4 Stealth
 + Level 3.4 Unarmed Combat
 * Level 2.7 Spellcasting
 * Level 2.6 Transmutations
 * Level 0.2 Poison Magic


You had 3 spell levels left.
You knew the following spells:

 Your Spells              Type           Power        Failure   Level  Hunger
a - Beastly Appendage     Tmut           ###...       4%          1    None
b - Sticks to Snakes      Tmut           ###.....     6%          2    ##.....
c - Spider Form           Tmut/Pois      #..          21%         3    ###....

Your spell library contained the following spells:

 Spells                   Type           Power        Failure   Level  Hunger
 Ice Form                 Ice/Tmut       #.......     56%         4    ####...
 Blade Hands              Tmut           ###.......   73%         5    ######.


Dungeon Overview and Level Annotations

Branches:
Dungeon (3/12)

Annotations:
D:3 3 runed translucent doors


Innate Abilities, Weirdness & Mutations

You have an increased reservoir of magic. (+10% MP)
You have claws for feet.


Message History

The orc wizard hits you with a +0 dagger.
The orc wizard hits you but does no damage.
Unknown command.
Casting: Beastly Appendage (safe; 4% risk of failure)
Confirm with . or Enter, or press ? or * to list all spells.
Your feet morph into talons.
The orc wizard hits you with a +0 dagger.
The orc wizard barely misses you.
The orc wizard hits you with a +0 dagger.
Unknown command.
Unknown command.
The adder bites you.
* * * LOW HITPOINT WARNING * * *
The adder bites you.
* * * LOW HITPOINT WARNING * * *
Unknown command.
The orc wizard casts a spell at you. The magic dart hits you!
You die...
Your divinity fades.

#....#.#.# #<...#.#.# #
#......#'# #.#........#
...........# .#.......#
#.#..So...##
#.#........## ##
#.###.@##...###...
.................#######
###.###.##.#)...........
# #.##...........###
#..#)†####+++ ##.#..#
... # #.^..# .
#.#####...# #.........#


You could see an orc wizard and an adder.

Vanquished Creatures
  A howler monkey (D:2)
  A worker ant (D:2)
  2 adders (D:3)
  An ooze (D:1)
  2 worms
  5 dart slugs
  3 leopard geckos
  4 orcs
  3 bats (D:1)
  3 giant cockroaches (D:1)
  7 goblins
  5 hobgoblins
  4 jackals (D:1)
  6 kobolds
  2 frilled lizards
  4 rats
53 creatures vanquished.

Notes
Turn   | Place    | Note
-------+----------+-------------------------------------------
     0 | D:1      | Morbidden the Demigod Transmuter began the quest for the
                  | Orb.
     0 | D:1      | Reached XP level 1. HP: 15/15 MP: 5/5
    82 | D:1      | Reached skill level 1 in Fighting
   170 | D:1      | Reached XP level 2. HP: 10/23 MP: 5/7
   296 | D:1      | Learned a level 2 spell: Sticks to Snakes
   469 | D:1      | Reached skill level 3 in Unarmed Combat
   927 | D:1      | Reached XP level 3. HP: 28/28 MP: 6/8
  1238 | D:1      | Reached * piety under Demigod
  1992 | D:2      | Reached XP level 4. HP: 30/36 MP: 8/10
  2173 | D:2      | Found a shimmering altar of Xom.
  2178 | D:2      | Learned a level 3 spell: Spider Form
  2180 | D:2      | Found a shimmering altar of Xom.
  2180 | D:2      | Found a shimmering altar of Xom.
  2180 | D:2      | Found a shimmering altar of Xom.
  2180 | D:2      | Found a shimmering altar of Xom.
  2181 | D:2      | Found a shimmering altar of Xom.
  2181 | D:2      | Found a shimmering altar of Xom.
  2181 | D:2      | Found a shimmering altar of Xom.
  2203 | D:2      | Found a radiant altar of Vehumet.
  2768 | D:3      | Reached XP level 5. HP: 31/41 MP: 12/12
  2968 | D:3      | Found a runed translucent gate.
  2968 | D:3      | Found a runed translucent gate.
  2968 | D:3      | Found a runed translucent gate.
  2988 | D:3      | Killed from afar by an orc wizard

Skill      XL: |  1  2  3  4 |
---------------+-------------+-----
Fighting       | 1 2 |  2.1
Transmutations | 2 |  2.6
Unarmed Combat | 3 |  3.4
Spellcasting   | 2 |  2.7
Dodging        | 2 |  2.1
Stealth        | |  0.4
Poison Magic   | |  0.2

Action                   |  1- 3 |  4- 6 || total
-------------------------+-------+-------++-------
Melee: Unarmed           |   150 |    60 ||   210
       Headbutt          |    10 |       ||    10
       Kick              |    12 |    16 ||    28
       Punch             |     1 |     1 ||     2
 Cast: Beastly Appendage |    34 |    13 ||    47
  Use: Scroll            |     1 |       ||     1
       Potion            |     1 |       ||     1
 Stab: Sleeping          |     2 |       ||     2
  Eat: Chunk             |     4 |     3 ||     7
Armor: Robe              |    19 |     7 ||    26
Dodge: Dodged            |    93 |    32 ||   125
